 Dungeon Sprint DCSS version 0.30.1-4-g462c640d31 (webtiles) character file.

Game seed: 12245500938192247145

15846 Heoruswealwe the Ninja (level 12, -1/52 HPs)
             Began as a Spriggan Artificer on Aug 29, 2023.
             Was the Champion of Sif Muna.
             Killed from afar by a fire giant (35 damage)
             ... with a bolt of fire
             ... in the Dungeon (Sprint I: "Red Sonja").
             The game lasted 00:31:30 (2012 turns).

Heoruswealwe the Ninja (Spriggan Artificer)         Turns: 2012, Time: 00:31:33

Health: -1/52      AC:  4    Str:  8    XL:     12   Next: 4%
Magic:  23/23      EV: 27    Int: 18    God:    Sif Muna [******]
Gold:   1579       SH:  0    Dex: 15    Spells: 24/24 levels left

rFire   . . .        a - +4 short sword (drain)
rCold   . . .        (no shield)
rNeg    . . .        s - +0 troll leather armour
rPois   .            (helmet restricted)
rElec   .            (no cloak)
rCorr   .            (gloves unavailable)
SInv    +            (boots unavailable)
Will    ++...        (no amulet)
Stlth   +++++++++    (no ring)
HPRegen 1.08/turn    (no ring)
MPRegen 0.18/turn

%: no teleportation
@: very quick
A: very small, no large weapons, unfitting armour, see invisible, speed 3
a: Renounce Religion, Channel Magic, Forget Spell, Divine Exegesis


You were in the Dungeon.
You worshipped Sif Muna.
Sif Muna was exalted by your worship.
You visited 1 branch You collected 3012 gold pieces.
You spent 1396 gold pieces at shops.
You donated 37 gold pieces to Zin.

Inventory:

Hand Weapons
 a - a +4 short sword of draining (weapon)
 r - a +0 vampiric rapier
Armour
 d - an orb of energy
 s - a +0 troll leather armour (worn)
 w - the +1 robe of Vehumet's Generosity {rC+ MP+9}
   (You bought it in a shop in the Dungeon)

   rC:        It protects you from cold.
   MP:        It affects your magic capacity (+9).
Magical Staves
 k - a staff of conjuration
Jewellery
 y - a ring of flight
Wands
 b - a wand of charming (10)
 e - a wand of iceblast (2)
 l - a wand of digging (2)
 v - a wand of flame (14) (quivered)
Scrolls
 o - a scroll of butterflies
 p - a scroll of identify
 q - a scroll of fear
 u - a scroll of enchant armour
 x - a scroll of poison
Potions
 c - a potion of degeneration {unknown}
 f - 2 potions of curing
 h - a potion of haste
 i - 2 potions of magic
 j - a potion of berserk rage
 m - 2 potions of resistance {unknown}
 n - 2 potions of brilliance {unknown}
 t - a potion of invisibility {unknown}
 z - 4 potions of cancellation {unknown}
Miscellaneous
 A - a box of beasts (inert)


   Skills:
 - Level 0.7 Fighting
 + Level 18.5 Dodging
 O Level 27 Stealth
 * Level 6.9 Spellcasting
 + Level 24.6 Evocations


You had 24 spell levels left.
You didn't know any spells.
Your spell library contained the following spells:

 Spells                   Type           Power      Damage    Failure   Level
 Beastly Appendage        Tmut           12%        N/A       16%         1
 Freeze                   Ice            24%        1d4       16%         1
 Kiss of Death            Conj/Necr      24%        2d7       16%         1
 Magic Dart               Conj           24%        1d4       16%         1
 Searing Ray              Conj           12%        2d4       24%         2
 Wereblood                Tmut           6%         N/A       24%         2
 Confusing Touch          Hex            6%         N/A       43%         3
 Hailstorm                Conj/Ice       6%         3d4       43%         3
 Ozocubu's Armour         Ice            6%         N/A       43%         3
 Spider Form              Tmut/Pois      6%         N/A       43%         3
 Vampiric Draining        Necr           6%         2d6       43%         3
 Cause Fear               Hex            3%         N/A       85%         4
 Iskenderun's Mystic Bla  Conj/Tloc      6%         2d4       85%         4
 Fireball                 Conj/Fire      3%         3d4       99%         5
 Conjure Ball Lightning   Conj/Air       3%         3x3d6     100%        6
 Simulacrum               Ice/Necr       3%         N/A       100%        6
 Spellforged Servitor     Conj/Summ      3%         N/A       100%        7
 Borgnjor's Revivificati  Necr           3%         N/A       100%        8
 Infestation              Necr           3%         N/A       100%        8
 Death's Door             Necr           3%         N/A       100%        9


Dungeon Overview and Level Annotations

Branches:
Dungeon (1/1)

Altars:
Cheibriados
Dithmenos
Elyvilon
Fedhas
Gozag
Hepliaklqana
Kikubaaqudgha
Makhleb
Nemelex Xobeh
Okawaru
Qazlal
Ru
Sif Muna
Trog
Uskayaw
Vehumet
Wu Jian
Xom
Yredelemnul
Zin
The Shining One
Jiyva
Lugonu

Shops:
D :*(=:=*=((*(*:*[((*[[


Innate Abilities, Weirdness & Mutations

You are very small and have problems with some larger weapons.
You are too small for most types of armour.
You have supernaturally acute eyesight. (SInv)
You cover ground extremely quickly. (Speed+++)


Message History

The helpless unseen horror fails to defend itself.
You skewer the unseen horror like a kebab!!!!
You kill the unseen horror!
Sif Muna accepts your kill.
You see here Sif Muna's Excursus on Glamour and Dark Magic {god gift}.
Sif Muna grants you a gift!
You pick up Sif Muna's Excursus on Glamour and Dark Magic {god gift} and begin reading...
You add the spells Confusing Touch, Cause Fear, Infestation and Death's Door to your library.
You open the door.
Things that are here:
a +2 scimitar of holy wrath; a +0 tower shield You open the door.
There is an open door here.
A fire giant comes into view.
It is wielding a +1 great sword of flaming.
A fire giant comes into view.
It is wielding a +2 great sword of flaming.
The fire giant shouts!
You hear a shout!
A fire giant comes into view.
It is wielding a +1 great sword of flaming.
The fire giant moves out of view.
Okay, then.
You open the lid... ...and a primal fireweird beast leaps out!
The box is emptied!
The fire giant shouts!
A fire giant comes into view.
It is wielding a +0 great sword of flaming.
The fire giant casts a spell at you.
The fireball explodes!
The fireball engulfs you!!!
Ouch! That really hurt!
* * * LOW HITPOINT WARNING * * *
You feel much better. The fire giant casts a spell at you.
The fireball explodes!
The fireball engulfs your primal fireweird beast!!
Your primal fireweird beast resists.
The fire giant gestures at you while chanting.
The bolt of fire hits the fire giant.
The fire giant resists.
The bolt of fire hits your primal fireweird beast!!
Your primal fireweird beast resists.
The bolt of fire hits you!!
Ouch! That really hurt!
You die...

##'###°°.#.....#..###.#,,~,**+*,,
##.+.#°°.###++##.##...#,,~**,,,,,
[###.#.○###..###..#'###,,~*,,,,,,
.∩##.#.)####○.###...#,~,,**,,,,,,
####.##+#..#○.#.###.#,~,,*,,,,,,,
..##§##[#°...○....#.#**,,*,,,,,,,
...+§####.°.......#.#,+,,**,,,,,,
####§#..+°...°.####'#,**+**,,,,,,
...#§#####.°°###@...#,*~~~**,,,,,
..#+.#,,,#####...####,*~~~~**,,,,
.~####,,..CCH..###,,,^*~~~~~*****
~~#*,,,,..C####*,,,,****~~~~*~~~~
~##*,,,,.,**,,,,,,,,*,,*'~~~'~~,~
## *,,,,,**,,,,,^,,,*,,,**~~*~~~~
###*,,,,,*,,,,,,,,,,*,,,,******'*
∩∩#***********,,,,,,*,,,,*~~~~~~~
∩##*~~~~~~~~,*,,,,^,*******~~~~~~


You could see 2 fire giants and a friendly primal fireweird beast (summoned).

Vanquished Creatures
  A daeva (D)
  A lorocyproca (D)
  2 centaur warriors (D)
  Sonja (D)
  A deep troll (D)
  A lindwurm (D)
  8 shining eyes (D)
  An oklob plant (D)
  4 demonic crawlers (D)
  A gargoyle (D)
  2 kobold demonologists (D)
  7 unseen horrors (D)
  A meliai (D)
  A hornet (D)
  A slime creature (D)
  Sigmund (D)
  A yak (D)
  2 redbacks (D)
  13 hogs (D)
  6 floating eyes (D)
  An ogre (D)
  4 necrophages (D)
  8 jellies (D)
  Ijyb (D)
  A ballistomycete spore (D)
71 creatures vanquished.

Vanquished Creatures (collateral kills)
  3 necrophages (D)
3 creatures vanquished.

Vanquished Creatures (others)
  A ballistomycete spore (D)
1 creature vanquished.

Grand Total: 75 creatures vanquished

Notes
Turn   | Place    | Note
-------+----------+-------------------------------------------
     0 | D        | Heoruswealwe the Spriggan Artificer began the quest for the
                  | Orb.
     0 | D        | Reached XP level 1. HP: 9/9 MP: 2/2
     1 | D        | Noticed Ijyb
    10 | D        | Killed Ijyb
    11 | D        | Reached skill level 5 in Stealth
    11 | D        | Reached XP level 2. HP: 9/14 MP: 3/3
    35 | D        | Noticed an ogre
    48 | D        | Killed an ogre
    49 | D        | Reached skill level 9 in Stealth
    49 | D        | Reached XP level 3. HP: 17/17 MP: 4/4
    49 | D        | Reached XP level 4. HP: 21/21 MP: 5/5
    79 | D        | Noticed Sigmund
    86 | D        | Killed Sigmund
    87 | D        | Reached skill level 12 in Stealth
    87 | D        | Reached XP level 5. HP: 23/25 MP: 6/6
    87 | D        | Reached XP level 6. HP: 27/29 MP: 7/7
   101 | D        | Found an ornate altar of the Wu Jian Council.
   101 | D        | Found a shimmering blue altar of Sif Muna.
   106 | D        | Found a radiant altar of Vehumet.
   134 | D        | Found Tixaa's Jewellery Emporium.
   134 | D        | Found an ancient bone altar of Kikubaaqudgha.
   134 | D        | Found a hazy altar of Hepliaklqana.
   134 | D        | Found a stormy altar of Qazlal.
   134 | D        | Found a hide-covered altar of Uskayaw.
   134 | D        | Found a blossoming altar of Fedhas.
   134 | D        | Found a bloodstained altar of Trog.
   134 | D        | Found an iron altar of Okawaru.
   134 | D        | Found a basalt altar of Yredelemnul.
   134 | D        | Found a glowing golden altar of the Shining One.
   134 | D        | Found a snail-covered altar of Cheibriados.
   134 | D        | Found a sacrificial altar of Ru.
   134 | D        | Found a glowing silver altar of Zin.
   134 | D        | Found a shadowy altar of Dithmenos.
   134 | D        | Found a white marble altar of Elyvilon.
   134 | D        | Noticed a yak
   135 | D        | Found an opulent altar of Gozag.
   136 | D        | Killed a yak
   137 | D        | Reached skill level 14 in Stealth
   137 | D        | Found a sparkling altar of Nemelex Xobeh.
   142 | D        | Became a worshipper of Zin the Law-Giver
   142 | D        | Reached * piety under Zin
   142 | D        | Reached ** piety under Zin
   142 | D        | Reached *** piety under Zin
   142 | D        | Reached **** piety under Zin
   142 | D        | Reached ***** piety under Zin
   142 | D        | Reached ****** piety under Zin
   151 | D        | Noticed Sonja
   155 | D        | Killed Sonja
   156 | D        | Reached skill level 10 in Dodging
   156 | D        | Reached skill level 16 in Stealth
   156 | D        | Reached XP level 7. HP: 32/32 MP: 8/8
   171 | D        | Found Ygreik's Book Boutique.
   181 | D        | Noticed a shining eye
   181 | D        | Noticed a shining eye
   181 | D        | Noticed a shining eye
   181 | D        | Noticed a shining eye
   181 | D        | Noticed a shining eye
   181 | D        | Noticed a shining eye
   184 | D        | Reached skill level 17 in Stealth
   184 | D        | Reached XP level 8. HP: 37/37 MP: 9/9
   184 | D        | Noticed a shining eye
   184 | D        | Noticed a shining eye
   187 | D        | Reached skill level 15 in Evocations
   191 | D        | Paralysed by a floating eye for 2 turns
   195 | D        | Paralysed by a floating eye for 3 turns
   204 | D        | Killed a shining eye
   205 | D        | Reached skill level 18 in Stealth
   210 | D        | Killed a shining eye
   211 | D        | Reached skill level 19 in Stealth
   211 | D        | Reached XP level 9. HP: 40/40 MP: 10/10
   295 | D        | Killed a shining eye
   296 | D        | Reached skill level 20 in Stealth
   421 | D        | Killed a shining eye
   480 | D        | Killed a shining eye
   481 | D        | Reached skill level 21 in Stealth
   565 | D        | Killed a shining eye
   648 | D        | Killed a shining eye
   649 | D        | Reached skill level 22 in Stealth
   649 | D        | Reached XP level 10. HP: 44/44 MP: 11/11
   729 | D        | Killed a shining eye
   752 | D        | Fell from the grace of Zin
   752 | D        | Became a worshipper of Sif Muna the Loreminder
   868 | D        | Found Ywasir's Assorted Antiques.
   868 | D        | Found Ruhuig's Book Shop.
   868 | D        | Found Zunizir's Antique Weapon Emporium.
   868 | D        | Found Pedemuax's Jewellery Boutique.
   872 | D        | Bought a scroll labelled AKOFICSEU BOKK for 29 gold pieces
   872 | D        | Bought a scroll labelled XEAQAAS URUKK for 29 gold pieces
   872 | D        | Bought a scroll labelled YVVICH XUGEAS for 29 gold pieces
   872 | D        | Bought a scroll labelled NANLEZ LAISS for 29 gold pieces
   872 | D        | Bought a scroll labelled AKOFICSEU BOKK for 29 gold pieces
   872 | D        | Bought a scroll labelled NANLEZ LAISS for 29 gold pieces
   874 | D        | Bought a runed rapier for 126 gold pieces
   901 | D        | Noticed a deep troll
   905 | D        | Killed a deep troll
   918 | D        | Found Zoipsaed's Armour Emporium.
   954 | D        | Noticed a centaur warrior
   955 | D        | Noticed a centaur warrior
   959 | D        | Killed a centaur warrior
   959 | D        | Killed a centaur warrior
   959 | D        | Reached * piety under Sif Muna
   960 | D        | Reached skill level 15 in Dodging
   960 | D        | Reached skill level 23 in Stealth
  1058 | D        | Noticed an oklob plant
  1060 | D        | Killed an oklob plant
  1061 | D        | Reached skill level 24 in Stealth
  1070 | D        | Reached ** piety under Sif Muna
  1113 | D        | Reached *** piety under Sif Muna
  1185 | D        | Reached **** piety under Sif Muna
  1186 | D        | Reached XP level 11. HP: 48/48 MP: 12/12
  1196 | D        | Reached ***** piety under Sif Muna
  1204 | D        | Received a gift from Sif Muna
  1212 | D        | Reached skill level 25 in Stealth
  1218 | D        | Got Baso Kimp's Codex of Chilling Misery {god gift}
  1266 | D        | Found Ocusis's Jewellery Shoppe.
  1266 | D        | Found Itastol's General Store.
  1266 | D        | Found Fiubefek's Weapon Boutique.
  1272 | D        | Found Elyges's Weapon Boutique.
  1272 | D        | Found Yro Hudidgh's Antique Armour Emporium.
  1272 | D        | Found Bucobrac's Assorted Antiques.
  1274 | D        | Found Jeer's Weapon Boutique.
  1274 | D        | Found Kenwygit's Antique Armour Shoppe.
  1274 | D        | Found Vucluek's General Store.
  1274 | D        | Found Navacwaoken's Book Emporium.
  1274 | D        | Found Ifiethinn's Assorted Antiques.
  1274 | D        | Found Ocrieb's Weapon Shoppe.
  1274 | D        | Found Niosm's General Store.
  1276 | D        | Bought a slimy robe for 136 gold pieces
  1276 | D        | Identified the +1 robe of Vehumet's Generosity {rC+ MP+9}
                  | (You bought it in a shop in the Dungeon)
  1278 | D        | Bought a scroll labelled AQOAZ DYOMODU for 18 gold pieces
  1278 | D        | Bought a wand of flame (7) for 88 gold pieces
  1278 | D        | Bought a scroll labelled AKOFICSEU BOKK for 18 gold pieces
  1278 | D        | Bought a metallic red potion for 16 gold pieces
  1278 | D        | Found Taebb's Weapon Emporium.
  1283 | D        | Bought a metallic red potion for 18 gold pieces
  1283 | D        | Bought a purple potion for 18 gold pieces
  1283 | D        | Bought a scroll labelled AKOFICSEU BOKK for 20 gold pieces
  1283 | D        | Bought a golden ring for 100 gold pieces
  1285 | D        | Bought a box of beasts for 480 gold pieces
  1289 | D        | Bought a wand of flame (16) for 156 gold pieces
  1289 | D        | Bought a scroll of identify for 28 gold pieces
  1330 | D        | Found a burning altar of Makhleb.
  1330 | D        | Found a viscous altar of Jiyva.
  1330 | D        | Found a shimmering altar of Xom.
  1330 | D        | Found a corrupted altar of Lugonu.
  1360 | D        | Received a gift from Sif Muna
  1365 | D        | Reached skill level 26 in Stealth
  1458 | D        | Noticed a lorocyproca
  1484 | D        | Killed a lorocyproca
  1579 | D        | Received a gift from Sif Muna
  1580 | D        | Got Sif Muna's Parchment of Azure Outbursts {god gift}
  1744 | D        | Noticed a lindwurm
  1746 | D        | Killed a lindwurm
  1758 | D        | Reached ****** piety under Sif Muna
  1759 | D        | Reached skill level 27 in Stealth
  1833 | D        | Received a gift from Sif Muna
  1852 | D        | Got Sif Muna's Omnibus of Striking {god gift}
  1863 | D        | Noticed a daeva
  1873 | D        | Killed a daeva
  1884 | D        | Reached skill level 5 in Spellcasting
  1933 | D        | Reached XP level 12. HP: 38/52 MP: 20/22
  1980 | D        | Received a gift from Sif Muna
  1981 | D        | Got Sif Muna's Excursus on Glamour and Dark Magic {god
                  | gift}
  2004 | D        | Noticed a fire giant
  2007 | D        | Noticed a fire giant
  2007 | D        | Noticed a fire giant
  2008 | D        | Noticed a fire giant
  2012 | D        | Killed from afar by a fire giant

Illustrated notes

Levels and vault maps discovered:
D:        dungeon_sprint_1 [red_sonja_temple_1, red_sonja_temple_small_1]

Skill      XL: |  1  2  3  4  5  6  7  8  9 10 11 |
---------------+----------------------------------+-----
Dodging        | 4 6 8 10 12 14 15 18 | 18.5
Stealth        | 5 9 12 16 17 19 22 24 27 | 27.0
Evocations     | 6 8 11 14 17 19 21 24 | 24.6
Spellcasting   | 6 |  6.9
Fighting       | |  0.7

Action                     |  1- 3 |  4- 6 |  7- 9 | 10-12 || total
---------------------------+-------+-------+-------+-------++-------
  Melee: Dagger            |       |     2 |   431 |    80 ||   513
         Punch             |       |       |    14 |     6 ||    20
         Short sword       |       |       |       |   195 ||   195
  Evoke: Wand              |    11 |     7 |       |    33 ||    51
         Box of beasts     |       |       |       |     1 ||     1
    Use: Scroll            |       |       |       |     8 ||     8
         Potion            |       |       |       |     6 ||     6
   Stab: Sleeping          |       |     2 |     5 |    25 ||    32
         Distracted        |       |       |       |     1 ||     1
 Armour: Troll leather arm |       |       |       |     8 ||     8
         Robe              |       |       |       |     2 ||     2
  Dodge: Dodged            |     2 |     1 |       |   252 ||   255
